[Event "ICC tourney 3243 (30 10)"]
[Site "Internet Chess Club"]
[Date "2023.07.22"]
[Round "1"]
[White "BOGIN, THEODORE:tbogin1"]
[Black "IVANOV, ALEXANDER:marble"]
[Result "0-1"]
[ICCResult "White resigns"]
[WhiteElo "1802"]
[BlackElo "2486"]
[Opening "Robatsch defense"]
[ECO "B06"]
[NIC "KF.05"]
[Time "12:00:27"]
[PlyCount "34"]
[TimeControl "1800+10"]

1. e4 g6 2. d4 Bg7 3. Nc3 c6 4. f4 d5 5. e5 Nh6 6. Nf3 Bg4 7. h3 Bxf3 8.
Qxf3 Nf5 9. Bd3 Nxd4 10. Qf2 Ne6 11. g4 Qb6 12. Qxb6 axb6 13. g5 Nd7 14. O-O
Ndc5 15. Be2 b5 16. Bd2 h6 17. h4 Nd4 {White resigns} 0-1

[Event "ICC tourney 3243 (30 10)"]
[Site "Internet Chess Club"]
[Date "2023.07.22"]
[Round "1"]
[White "Hernandez-Visbal, Arthur:thechessgod22"]
[Black "MARKOVIC, GORAN:Goran21"]
[Result "1-0"]
[ICCResult "Black resigns"]
[WhiteElo "1659"]
[BlackElo "2049"]
[Opening "Sicilian: Smith-Morra gambit"]
[ECO "B21"]
[NIC "SI.47"]
[Time "12:00:47"]
[PlyCount "105"]
[TimeControl "1800+10"]

1. e4 c5 2. d4 cxd4 3. c3 Nf6 4. e5 Nd5 5. cxd4 d6 6. exd6 e6 7. Bc4 Bxd6 8.
Nf3 O-O 9. O-O Nc6 10. Nc3 h6 11. Re1 a6 12. h3 Nce7 13. Nxd5 exd5 14. Bd3
Be6 15. Be3 Nf5 16. Rc1 Nxe3 17. fxe3 Bg3 18. Rf1 Qb6 19. Qb3 Qd6 20. Nd2 b5
21. Rf3 Bh4 22. Nf1 Rac8 23. Qd1 Rxc1 24. Qxc1 Rc8 25. Qd2 Bg5 26. Ng3 Qb6
27. Nh5 Kh8 28. Nf4 Bxf4 29. Rxf4 Qc7 30. Rf1 Qg3 31. Qf2 Qg5 32. Qf4 Qe7
33. Qe5 Qb4 34. Bf5 Re8 35. Bxe6 Rxe6 36. Qxd5 Rxe3 37. Rxf7 Qe1+ 38. Rf1
Qb4 39. Qc5 Qxc5 40. dxc5 Re6 41. Rc1 Rc6 42. Kf2 Kg8 43. Ke3 Kf7 44. Kd4
Ke6 45. Re1+ Kd7 46. Kd5 Rg6 47. g4 Rg5+ 48. Re5 Rg6 49. c6+ Kd8 50. Re6
Rg5+ 51. Kd6 h5 52. c7+ Kc8 53. Re8+ {Black resigns} 1-0

[Event "ICC tourney 3243 (30 10)"]
[Site "Internet Chess Club"]
[Date "2023.07.22"]
[Round "1"]
[White "WANG, JACOB S:jacobchess858"]
[Black "SANTOS LATASA, JAIME:jsl1996"]
[Result "0-1"]
[ICCResult "White resigns"]
[WhiteElo "1926"]
[BlackElo "2706"]
[Opening "Queen's pawn game"]
[ECO "E10"]
[NIC "QI.01"]
[Time "12:00:15"]
[PlyCount "64"]
[TimeControl "1800+10"]

1. d4 Nf6 2. c4 e6 3. Nf3 d5 4. g3 Bb4+ 5. Bd2 Be7 6. Bg2 Nbd7 7. O-O c6 8.
Nc3 dxc4 9. Rc1 b5 10. a3 Bb7 11. e4 O-O 12. Re1 a6 13. Na2 c5 14. e5 Nd5
15. Qc2 cxd4 16. Nxd4 Nc5 17. Rcd1 Nd3 18. Rf1 Qb6 19. Bc3 Rfd8 20. Nf3 Bc5
21. Be1 Rd7 22. Nc1 Nxc1 23. Rxc1 h6 24. Bc3 Rad8 25. Rcd1 Nxc3 26. Rxd7
Rxd7 27. Qxc3 Rd3 28. Qc2 Bxf3 29. Bxf3 Rxf3 30. Qe4 Rxf2 31. Rxf2 Bxf2+ 32.
Kg2 Bc5 {White resigns} 0-1

[Event "ICC tourney 3243 (30 10)"]
[Site "Internet Chess Club"]
[Date "2023.07.22"]
[Round "1"]
[White "Tanenbaum, Zachary:MasterZachary"]
[Black "VALE CRUZ, ARMIN:trucker"]
[Result "1-0"]
[ICCResult "Black resigns"]
[WhiteElo "2362"]
[BlackElo "1777"]
[Opening "Giuoco Piano"]
[ECO "C54"]
[NIC "IG.02"]
[Time "12:07:30"]
[PlyCount "103"]
[TimeControl "1800+10"]

1. e4 e5 2. Nf3 Nc6 3. Bc4 Bc5 4. c3 Nf6 5. d3 d6 6. O-O Be6 7. Bxe6 fxe6 8.
b4 Bb6 9. b5 Na5 10. Qe2 Qd7 11. d4 O-O-O 12. dxe5 Ng4 13. exd6 Qxd6 14. h3
Nxf2 15. e5 Qd3 16. Qxd3 Rxd3 17. Kh2 h6 18. Bf4 Rf8 19. Bg3 Ne4 20. Nbd2
Nxg3 21. Kxg3 Rxc3 22. Rac1 Ra3 23. Rc2 g5 24. Rfc1 h5 25. Ne4 Be3 26. Rxc7+
Kb8 27. R1c3 Bf4+ 28. Kf2 Rxc3 29. Rxc3 g4 30. Nf6 Rd8 31. hxg4 hxg4 32.
Nxg4 Rg8 33. Nf6 Bg3+ 34. Ke2 Rd8 35. Rd3 Kc7 36. Rxd8 Kxd8 37. Nh5 Bxe5 38.
Nxe5 Ke7 39. Ke3 a6 40. b6 Kd6 41. Kd4 Nc6+ 42. Nxc6 Kxc6 43. g4 Kd6 44. g5
e5+ 45. Ke4 Ke6 46. g6 a5 47. a4 Ke7 48. Kxe5 Kf8 49. Kf6 Kg8 50. Ng3 Kf8
51. Nf5 Kg8 52. g7 {Black resigns} 1-0

[Event "ICC tourney 3243 (30 10)"]
[Site "Internet Chess Club"]
[Date "2023.07.22"]
[Round "1"]
[White "GONZALEZ, ISAAC KEVIN:SLChess20"]
[Black "LIANG, YU-CHENG:Yucheng"]
[Result "1/2-1/2"]
[ICCResult "Game drawn by mutual agreement"]
[WhiteElo "1726"]
[BlackElo "2199"]
[Opening "Benko's opening"]
[ECO "A00"]
[NIC "VO.09"]
[Time "12:04:53"]
[PlyCount "82"]
[TimeControl "1800+10"]

1. g3 Nf6 2. Bg2 e6 3. Nf3 Be7 4. d3 d5 5. Bg5 c5 6. O-O O-O 7. Nbd2 Nc6 8.
Re1 h6 9. Bxf6 Bxf6 10. Rb1 e5 11. c4 d4 12. a3 a5 13. Qc2 Bf5 14. e4 dxe3
15. Rxe3 Qd7 16. Ne4 Bxe4 17. dxe4 Rfd8 18. Ne1 Qd2 19. Re2 Qxc2 20. Rxc2
Rd6 21. Kf1 Rad8 22. Nf3 Rd3 23. Rc3 Rxc3 24. bxc3 Rd3 25. Rc1 a4 26. Ke2
Rd7 27. Rd1 Rc7 28. Rd5 Na5 29. Kd3 Nc6 30. h4 Kf8 31. Bh3 Ke8 32. Nd2 Ne7
33. Rd6 Ng8 34. Nf1 g6 35. Ne3 Be7 36. Rb6 Nf6 37. Nd5 Nxd5 38. exd5 Bd8 39.
d6 Rc6 40. Rxc6 bxc6 41. Ke4 Bf6 {Game drawn by mutual agreement} 1/2-1/2

[Event "ICC tourney 3243 (30 10)"]
[Site "Internet Chess Club"]
[Date "2023.07.22"]
[Round "1"]
[White "PLUM, MARC:Slivovitz"]
[Black "Ledas, Armandas:ArmandasLedas"]
[Result "1-0"]
[ICCResult "Black checkmated"]
[WhiteElo "2100"]
[BlackElo "1695"]
[Opening "Réti opening"]
[ECO "A04"]
[NIC "QP.10"]
[Time "12:00:47"]
[PlyCount "99"]
[TimeControl "1800+10"]

1. Nf3 c5 2. g3 g6 3. Bg2 Bg7 4. O-O Nc6 5. c4 d6 6. Nc3 e5 7. d3 Nge7 8.
Rb1 O-O 9. a3 f5 10. Ne1 f4 11. b4 Nf5 12. bxc5 dxc5 13. Ne4 fxg3 14. hxg3
Kh8 15. Nxc5 Nxg3 16. Nxb7 Bxb7 17. fxg3 Qc7 18. Nc2 Rxf1+ 19. Qxf1 Rf8 20.
Qe1 e4 21. Bxe4 Bc8 22. Bb2 Qb6+ 23. c5 Qxc5+ 24. Kg2 Bxb2 25. Rxb2 Qh5 26.
Bf3 Bh3+ 27. Kf2 Qc5+ 28. Ne3 Nd4 29. Qb4 Qc8 30. Qxd4+ Kg8 31. Rc2 Qe8 32.
Nd5 Qf7 33. Rc7 Qxc7 34. Nxc7 Bf5 35. Kg1 h5 36. Bd5+ Kh7 37. Ne6 Bxe6 38.
Bxe6 a5 39. Qe5 a4 40. d4 h4 41. gxh4 g5 42. Qxg5 Rf6 43. Bf5+ Rxf5 44.
Qxf5+ Kh6 45. Qg5+ Kh7 46. d5 Kh8 47. d6 Kh7 48. d7 Kh8 49. d8=Q+ Kh7 50.
Qdg8# {Black checkmated} 1-0

[Event "ICC tourney 3243 (30 10)"]
[Site "Internet Chess Club"]
[Date "2023.07.22"]
[Round "1"]
[White "Mitrabha, Guha:babysnake"]
[Black "LOCHAM, DIVJOT SINGH:winner08"]
[Result "1-0"]
[ICCResult "Black resigns"]
[WhiteElo "2565"]
[BlackElo "1868"]
[Opening "Grünfeld with Bf4 & e3"]
[ECO "D93"]
[NIC "QP.09"]
[Time "12:22:27"]
[PlyCount "71"]
[TimeControl "1800+10"]

1. Nf3 d5 2. d4 Nf6 3. Bf4 g6 4. e3 Bg7 5. c4 O-O 6. Nc3 c5 7. h3 Nc6 8. Rc1
cxd4 9. Nxd4 Nxd4 10. exd4 dxc4 11. Bxc4 Bf5 12. O-O Qb6 13. Qb3 Qxd4 14.
Be3 Qh4 15. Qxb7 Qxc4 16. Qxe7 Qe6 17. Qa3 Ne4 18. Nb5 Be5 19. Nc7 Bxc7 20.
Rxc7 a5 21. Bh6 Rfe8 22. Rfc1 g5 23. R1c6 Qe5 24. Qb3 Be6 25. Qf3 Qf5 26.
Qh5 Qxf2+ 27. Kh2 Qf4+ 28. Kg1 Qf1+ 29. Kh2 Qh1+ 30. Kxh1 Ng3+ 31. Kh2 Nxh5
32. Bxg5 Bxa2 33. Rc5 Ng7 34. Bh6 Ne6 35. Rc3 Rac8 36. Rxc8 {Black resigns}
1-0

[Event "ICC tourney 3243 (30 10)"]
[Site "Internet Chess Club"]
[Date "2023.07.22"]
[Round "1"]
[White "SRIPADA, ANISHA:waterycargo"]
[Black "Aimdilokwong, Alec Daniel:Alec-hine"]
[Result "0-1"]
[ICCResult "White checkmated"]
[WhiteElo "1387"]
[BlackElo "1980"]
[Opening "Queen's pawn, Mason variation"]
[ECO "D00"]
[NIC "QP.08"]
[Time "12:04:54"]
[PlyCount "114"]
[TimeControl "1800+10"]

1. d4 d5 2. Bf4 Nf6 3. e3 c5 4. Nf3 Nc6 5. c3 Qb6 6. Qc1 Bf5 7. Nbd2 e6 8.
Be2 Rc8 9. Nb3 c4 10. Nbd2 Be7 11. h3 h6 12. Bd1 O-O 13. Bc2 Qd8 14. Bxf5
exf5 15. O-O b5 16. a3 a5 17. Ne5 Nxe5 18. Bxe5 b4 19. axb4 axb4 20. Ra4 Ra8
21. Qa1 Qc8 22. Nf3 Qb7 23. Rb1 b3 24. Ra5 Nd7 25. Bh2 Nb6 26. Bf4 f6 27.
Bh2 Qc6 28. Ra7 Kf7 29. Nh4 g6 30. Qa3 Rxa7 31. Qxa7 Ra8 32. Qc7 Qxc7 33.
Bxc7 Nd7 34. Bh2 Ra2 35. Nf3 Nb6 36. Nd2 Na4 37. Nf3 Rxb2 38. Rxb2 Nxb2 39.
Nd2 Bd8 40. Bd6 Ba5 41. Nb1 Na4 42. Bb4 Bxb4 43. cxb4 c3 44. Na3 c2 45. Nxc2
bxc2 46. b5 c1=Q+ 47. Kh2 Qf1 48. Kg3 g5 49. Kf3 h5 50. Kg3 h4+ 51. Kh2 Qxf2
52. b6 Nxb6 53. e4 fxe4 54. Kh1 e3 55. Kh2 e2 56. Kh1 e1=Q+ 57. Kh2 Qg3#
{White checkmated}
0-1

[Event "ICC tourney 3243 (30 10)"]
[Site "Internet Chess Club"]
[Date "2023.07.22"]
[Round "2"]
[White "VALE CRUZ, ARMIN:trucker"]
[Black "SRIPADA, ANISHA:waterycargo"]
[Result "1-0"]
[ICCResult "Black checkmated"]
[WhiteElo "1777"]
[BlackElo "1387"]
[Opening "French: advance, Euwe variation"]
[ECO "C02"]
[NIC "FR.03"]
[Time "14:00:44"]
[PlyCount "39"]
[TimeControl "1800+10"]

1. e4 e6 2. d4 d5 3. e5 c5 4. c3 Nc6 5. Nf3 Bd7 6. Bd3 cxd4 7. O-O Bc5 8. b4
Bb6 9. b5 Na5 10. cxd4 Ne7 11. Nc3 O-O 12. Bxh7+ Kxh7 13. Ng5+ Kg8 14. Qh5
Re8 15. Qxf7+ Kh8 16. Qh5+ Kg8 17. Qh7+ Kf8 18. Ba3 Bc5 19. Bxc5 b6 20. Qh8#
{Black checkmated}
1-0

[Event "ICC tourney 3243 (30 10)"]
[Site "Internet Chess Club"]
[Date "2023.07.22"]
[Round "2"]
[White "SANTOS LATASA, JAIME:jsl1996"]
[Black "PLUM, MARC:Slivovitz"]
[Result "1-0"]
[ICCResult "Black resigns"]
[WhiteElo "2706"]
[BlackElo "2100"]
[Opening "Pirc defense"]
[ECO "B07"]
[NIC "PU.08"]
[Time "14:00:11"]
[PlyCount "65"]
[TimeControl "1800+10"]

1. d4 d6 2. e4 Nf6 3. Nc3 e5 4. Nge2 Be7 5. h3 c6 6. a4 a5 7. g4 Qc7 8. Bg2
Nbd7 9. O-O Nf8 10. f4 exd4 11. Nxd4 Ne6 12. Nf5 Bf8 13. b3 g6 14. Ng3 Bg7
15. Bb2 O-O 16. Qd2 h6 17. Rad1 Rd8 18. f5 Nc5 19. fxg6 fxg6 20. g5 hxg5 21.
Qxg5 Ne6 22. Qxg6 Nf8 23. Qg5 N8h7 24. Qh4 Be6 25. Nce2 Rf8 26. Nd4 Rae8 27.
Ngf5 Bxf5 28. exf5 Qb6 29. Kh1 Nd7 30. f6 Rxf6 31. Rxf6 Ndxf6 32. Nf5 Re2
33. Qc4+ {Black resigns} 1-0

[Event "ICC tourney 3243 (30 10)"]
[Site "Internet Chess Club"]
[Date "2023.07.22"]
[Round "2"]
[White "RAMESH, RAHUL:rockinroll"]
[Black "Mitrabha, Guha:babysnake"]
[Result "0-1"]
[ICCResult "White resigns"]
[WhiteElo "2008"]
[BlackElo "2565"]
[Opening "Queen's Indian defense"]
[ECO "A47"]
[NIC "QP.06"]
[Time "14:00:43"]
[PlyCount "74"]
[TimeControl "1800+10"]

1. d4 Nf6 2. Nf3 b6 3. Bf4 Bb7 4. e3 g6 5. Nbd2 Bg7 6. Bd3 O-O 7. O-O d6 8.
h3 Nbd7 9. Qe2 Re8 10. e4 e5 11. dxe5 dxe5 12. Bh2 Nh5 13. Ba6 Bc6 14. Bb5
Bb7 15. Ba6 Bxa6 16. Qxa6 Nc5 17. Qc4 Nf4 18. Rad1 Qe7 19. Nb3 Nce6 20. Nc1
Qf6 21. Ne2 Nxh3+ 22. Kh1 Nhf4 23. Nxf4 exf4 24. e5 Qf5 25. Rfe1 Rad8 26.
Rd3 Rxd3 27. cxd3 g5 28. d4 g4 29. Nh4 Qg5 30. d5 Qxh4 31. dxe6 Rxe6 32.
Qxf4 Qh5 33. Kg1 Bh6 34. Qc4 c5 35. Qd5 Bg5 36. Qa8+ Kg7 37. Qxa7 Rh6
{White resigns}
0-1

[Event "ICC tourney 3243 (30 10)"]
[Site "Internet Chess Club"]
[Date "2023.07.22"]
[Round "2"]
[White "LOCHAM, DIVJOT SINGH:winner08"]
[Black "GONZALEZ, ISAAC KEVIN:SLChess20"]
[Result "1-0"]
[ICCResult "Black resigns"]
[WhiteElo "1868"]
[BlackElo "1726"]
[Opening "Scandinavian (center counter) defense"]
[ECO "B01"]
[NIC "SD.02"]
[Time "14:00:14"]
[PlyCount "106"]
[TimeControl "1800+10"]

1. e4 d5 2. exd5 Qxd5 3. Nc3 Qd8 4. Nf3 Nf6 5. d4 c6 6. Be3 Bf5 7. h3 e6 8.
g4 Bg6 9. Ne5 Nbd7 10. h4 Nxe5 11. dxe5 Qxd1+ 12. Kxd1 Nxg4 13. Ke2 Nxe3 14.
Kxe3 Bc5+ 15. Kf4 Bxf2 16. h5 Bf5 17. Bh3 Bxh3 18. Rxh3 Bc5 19. Ne4 Be7 20.
Rg1 O-O 21. h6 g6 22. Rb3 b6 23. Rc3 c5 24. Rd1 Rfd8 25. Rxd8+ Rxd8 26. Ra3
Rd7 27. Ra6 Kf8 28. Nc3 Rd4+ 29. Kf3 Bg5 30. Rxa7 Bxh6 31. Na4 Rd2 32. Nxb6
Rxc2 33. Nd7+ Kg7 34. Rc7 Bc1 35. Nxc5 Kh6 36. Nxe6 Rxc7 37. Nxc7 Bxb2 38.
Ke4 Kg5 39. a4 Bc3 40. Nb5 Bb4 41. Nd6 f5+ 42. Kd5 f4 43. Ne4+ Kf5 44. e6 h5
45. a5 h4 46. a6 h3 47. a7 h2 48. Nf2 Be1 49. Nh1 f3 50. a8=Q f2 51. Qf8+
Kg5 52. e7 Bb4 53. e8=Q f1=N {Black resigns} 1-0

[Event "ICC tourney 3243 (30 10)"]
[Site "Internet Chess Club"]
[Date "2023.07.22"]
[Round "2"]
[White "LIANG, YU-CHENG:Yucheng"]
[Black "MARKOVIC, GORAN:Goran21"]
[Result "1-0"]
[ICCResult "Black resigns"]
[WhiteElo "2199"]
[BlackElo "2049"]
[Opening "King's Indian: 5.Nf3"]
[ECO "E90"]
[NIC "KI.20"]
[Time "14:00:05"]
[PlyCount "81"]
[TimeControl "1800+10"]

1. Nf3 Nf6 2. c4 g6 3. Nc3 Bg7 4. e4 d6 5. d4 O-O 6. h3 e5 7. d5 Na6 8. Bd3
Nh5 9. O-O Qe8 10. a3 h6 11. Kh2 Nf4 12. Bc2 g5 13. Ng1 Bd7 14. g3 Ng6 15.
b4 f5 16. exf5 Bxf5 17. Ne4 Ne7 18. Rb1 Qg6 19. Qe2 h5 20. g4 hxg4 21. hxg4
Qh6+ 22. Nh3 Bxe4 23. Bxg5 Bf3 24. Qe3 Qh8 25. Bxe7 Rf7 26. Bg6 e4 27. Bxf7+
Kxf7 28. Bg5 Qh7 29. Qf4+ Ke8 30. Qf5 Be5+ 31. Bf4 Bxf4+ 32. Qxf4 Nb8 33.
Rbe1 Kd8 34. Qf8+ Kd7 35. Qf5+ Qxf5 36. gxf5 Ke7 37. Ng5 Kf6 38. Nxf3 exf3
39. Re8 Kf7 40. Rc8 Na6 41. Rxa8 {Black resigns} 1-0

[Event "ICC tourney 3243 (30 10)"]
[Site "Internet Chess Club"]
[Date "2023.07.22"]
[Round "2"]
[White "IVANOV, ALEXANDER:marble"]
[Black "Hernandez-Visbal, Arthur:thechessgod22"]
[Result "1/2-1/2"]
[ICCResult "Game drawn by mutual agreement"]
[WhiteElo "2486"]
[BlackElo "1659"]
[Opening "Caro-Kann: advance variation"]
[ECO "B12"]
[NIC "CK.04"]
[Time "14:00:10"]
[PlyCount "80"]
[TimeControl "1800+10"]

1. e4 c6 2. d4 d5 3. e5 Bf5 4. h4 h5 5. c4 e6 6. Nc3 Nd7 7. cxd5 cxd5 8. Bg5
Be7 9. Qd2 Nh6 10. Nge2 Rc8 11. Ng3 Bg6 12. Be2 Nb6 13. O-O Nc4 14. Bxc4
Rxc4 15. Nb5 O-O 16. Rac1 Rxc1 17. Rxc1 Nf5 18. Nxf5 Bxf5 19. Bxe7 Qxe7 20.
g3 Qd7 21. Nd6 f6 22. b3 fxe5 23. dxe5 b6 24. Qc3 a5 25. Qc7 Qxc7 26. Rxc7
Bb1 27. a3 Rf3 28. Ne8 Rxb3 29. Nxg7 Be4 30. f3 Bxf3 31. Nxe6 Rxa3 32. Nf4
Bg4 33. Nxd5 Rxg3+ 34. Kh2 Rb3 35. Ra7 Be6 36. Nf6+ Kf8 37. Nxh5 Rh3+ 38.
Kg2 Rxh4 39. Nf6 Rf4 40. Rb7 Rb4 {Game drawn by mutual agreement} 1/2-1/2

[Event "ICC tourney 3243 (30 10)"]
[Site "Internet Chess Club"]
[Date "2023.07.22"]
[Round "2"]
[White "Aimdilokwong, Alec Daniel:Alec-hine"]
[Black "Tanenbaum, Zachary:MasterZachary"]
[Result "1/2-1/2"]
[ICCResult "Game drawn by mutual agreement"]
[WhiteElo "1980"]
[BlackElo "2362"]
[Opening "Queen's gambit accepted"]
[ECO "D20"]
[NIC "QG.03"]
[Time "14:00:13"]
[PlyCount "93"]
[TimeControl "1800+10"]

1. d4 d5 2. c4 dxc4 3. e3 e5 4. Bxc4 Nc6 5. d5 Na5 6. Be2 c6 7. dxc6 Qxd1+
8. Bxd1 Nxc6 9. Nc3 Nf6 10. Nf3 Be6 11. Ng5 Bc4 12. Be2 Bxe2 13. Kxe2 h6 14.
Nge4 Nxe4 15. Nxe4 f5 16. Ng3 g6 17. Bd2 Bd6 18. Rhd1 Ke7 19. Bc3 Rhc8 20.
Rd2 a5 21. Rad1 Rd8 22. a4 Nb4 23. b3 Rac8 24. Bxb4 Bxb4 25. Rxd8 Rxd8 26.
Rxd8 Kxd8 27. f3 Ke7 28. Kd3 Kd6 29. Kc4 Kc6 30. Ne2 h5 31. e4 f4 32. Nc1
Bd6 33. Nd3 g5 34. h3 h4 35. Nf2 Bf8 36. Nd1 Bb4 37. Nf2 Bf8 38. Nd3 Bd6 39.
b4 axb4 40. Nxb4+ Kb6 41. Nd5+ Ka5 42. Kb3 b5 43. axb5 Kxb5 44. Nf6 Bc7 45.
Kc3 Bd8 46. Ng4 Kc5 47. Nh6 {Game drawn by mutual agreement} 1/2-1/2

[Event "ICC tourney 3243 (30 10)"]
[Site "Internet Chess Club"]
[Date "2023.07.22"]
[Round "2"]
[White "Ledas, Armandas:ArmandasLedas"]
[Black "WANG, JACOB S:jacobchess858"]
[Result "1-0"]
[ICCResult "Black forfeits on time"]
[WhiteElo "1695"]
[BlackElo "1926"]
[Opening "Scotch: Potter variation"]
[ECO "C45"]
[NIC "SO.05"]
[Time "14:00:06"]
[PlyCount "117"]
[TimeControl "1800+10"]

1. e4 e5 2. Nf3 Nc6 3. d4 exd4 4. Nxd4 Bc5 5. Nb3 Bb6 6. Nc3 Nf6 7. Qe2 d6
8. Be3 O-O 9. O-O-O Re8 10. f3 Be6 11. g4 a5 12. Bxb6 cxb6 13. a4 Qe7 14. h4
Rac8 15. Kb1 Ne5 16. Nd4 Bc4 17. Nf5 Bxe2 18. Nxe7+ Rxe7 19. Bxe2 Rd8 20.
Nd5 Nxd5 21. Rxd5 Nc6 22. Rhd1 Red7 23. Rb5 Kf8 24. c3 Ke7 25. Kc2 Rc7 26.
Rxb6 f6 27. f4 Kf7 28. Bc4+ Kf8 29. Kb3 Ke7 30. Bd5 Rb8 31. Bxc6 Rxc6 32.
Rb5 b6 33. Rbd5 Rbc8 34. e5 dxe5 35. fxe5 fxe5 36. Rxe5+ Kf8 37. Rf1+ Kg8
38. Rfe1 Kf8 39. Re6 Kf7 40. Re7+ Kf8 41. Rd7 Rc4 42. Rd8+ Kf7 43. Rxc8 Rxc8
44. Re5 Rc6 45. g5 h6 46. c4 hxg5 47. hxg5 Kg6 48. Kc3 Rc5 49. Re6+ Kxg5 50.
Rxb6 Kf4 51. Rg6 Rc7 52. b4 axb4+ 53. Kxb4 Rb7+ 54. Ka5 Ke5 55. c5 Kd5 56.
c6 Ra7+ 57. Kb6 Rxa4 58. c7 Rb4+ 59. Ka7 {Black forfeits on time} 1-0

[Event "ICC tourney 3243 (30 10)"]
[Site "Internet Chess Club"]
[Date "2023.07.22"]
[Round "3"]
[White "WANG, JACOB S:jacobchess858"]
[Black "SRIPADA, ANISHA:waterycargo"]
[Result "1-0"]
[ICCResult "Black checkmated"]
[WhiteElo "1926"]
[BlackElo "1387"]
[Opening "Catalan: closed, 6...Nbd7"]
[ECO "E07"]
[NIC "CA.04"]
[Time "16:00:51"]
[PlyCount "129"]
[TimeControl "1800+10"]

1. d4 d5 2. c4 e6 3. Nf3 Nf6 4. g3 Be7 5. Bg2 O-O 6. O-O Nbd7 7. Nc3 b6 8.
Bf4 Bb7 9. Ne5 Rc8 10. Rc1 c5 11. cxd5 Nxd5 12. Nxd5 Bxd5 13. Bxd5 exd5 14.
Qa4 Nxe5 15. Bxe5 Ra8 16. dxc5 bxc5 17. Qg4 f6 18. Qe6+ Kh8 19. Bf4 Re8 20.
Qf5 Bf8 21. Rfe1 Rc8 22. Rcd1 d4 23. Qd3 Qb6 24. b3 Red8 25. Qc4 Bd6 26.
Bxd6 Qxd6 27. Rd3 Qb6 28. Red1 Qa5 29. a4 Qb6 30. Rc1 Qc7 31. b4 Qc6 32.
bxc5 a6 33. Rxd4 Rxd4 34. Qxd4 Kg8 35. Qc4+ Kh8 36. Rd1 h6 37. h4 Kh7 38.
Rd5 Kh8 39. Qd4 a5 40. e4 Kh7 41. Qc4 Kh8 42. Qb5 Qc7 43. c6 Kh7 44. Rc5 Ra8
45. Qb7 Ra7 46. Qxc7 Rxc7 47. Rxa5 Rxc6 48. Kg2 Kg6 49. h5+ Kf7 50. Ra7+ Kf8
51. Kf3 Rc5 52. g4 Re5 53. a5 Re8 54. a6 Rd8 55. Rb7 Kg8 56. a7 Rd3+ 57. Kf4
Ra3 58. Rb8+ Kh7 59. a8=Q Rxa8 60. Rxa8 g6 61. Ra7+ Kg8 62. hxg6 h5 63. gxh5
f5 64. h6 fxe4 65. Ra8# {Black checkmated} 1-0

[Event "ICC tourney 3243 (30 10)"]
[Site "Internet Chess Club"]
[Date "2023.07.22"]
[Round "3"]
[White "Mitrabha, Guha:babysnake"]
[Black "SANTOS LATASA, JAIME:jsl1996"]
[Result "0-1"]
[ICCResult "White resigns"]
[WhiteElo "2565"]
[BlackElo "2706"]
[Opening "Queen's pawn game"]
[ECO "E10"]
[NIC "QI.01"]
[Time "16:00:57"]
[PlyCount "122"]
[TimeControl "1800+10"]

1. d4 Nf6 2. c4 e6 3. Nf3 d5 4. g3 Bb4+ 5. Bd2 Be7 6. Bg2 Nbd7 7. O-O O-O 8.
Bc3 b6 9. Nbd2 Bb7 10. b4 c5 11. bxc5 bxc5 12. Rb1 Qc8 13. dxc5 Nxc5 14.
cxd5 Bxd5 15. Ne5 Qa6 16. Bxd5 Nxd5 17. Bd4 Rfd8 18. Qc2 Rac8 19. Qc4 Qa5
20. Ndf3 Nb6 21. Qb5 Qxb5 22. Rxb5 f6 23. Bxc5 Bxc5 24. Nd3 Be7 25. Rfb1 e5
26. Nd2 Rd4 27. f3 Ra4 28. R1b2 Ba3 29. Rb1 Rc2 30. Ne4 Be7 31. R1b2 Rxa2
32. Rxc2 Rxc2 33. Ra5 Rc7 34. Kf2 Kf7 35. f4 Nc4 36. Ra4 exf4 37. gxf4 Nd6
38. Nd2 Bd8 39. Ra6 Nb5 40. Ra5 Rb7 41. Ra2 Bb6+ 42. Kf1 Rc7 43. Rb2 Nc3 44.
h3 Nd1 45. Rb1 Ne3+ 46. Ke1 Ba5 47. Rb5 Bc3 48. Nc5 a6 49. Nxa6 Rd7 50. Nc5
Bxd2+ 51. Kf2 Re7 52. Kf3 Nc2 53. Nb3 Re3+ 54. Kf2 Be1+ 55. Kf1 Bb4 56. Nc1
Rxh3 57. Nd3 Ne3+ 58. Kf2 Be7 59. Rb7 h5 60. Nb4 Ng4+ 61. Kg2 Rb3
{White resigns}
0-1

[Event "ICC tourney 3243 (30 10)"]
[Site "Internet Chess Club"]
[Date "2023.07.22"]
[Round "3"]
[White "VALE CRUZ, ARMIN:trucker"]
[Black "RAMESH, RAHUL:rockinroll"]
[Result "0-1"]
[ICCResult "White resigns"]
[WhiteElo "1777"]
[BlackElo "2008"]
[Opening "Scandinavian defense, Grünfeld variation"]
[ECO "B01"]
[NIC "SD.01"]
[Time "16:00:58"]
[PlyCount "150"]
[TimeControl "1800+10"]

1. e4 d5 2. exd5 Qxd5 3. Nc3 Qa5 4. d4 Nf6 5. Nf3 Bf5 6. Ne5 c6 7. g4 Bg6 8.
h4 Nbd7 9. Nc4 Qc7 10. h5 Be4 11. Nxe4 Nxe4 12. Qf3 Nef6 13. Bf4 Qd8 14.
O-O-O Nb6 15. Ne5 Qd5 16. Bg2 e6 17. Kb1 Qxf3 18. Bxf3 Nfd5 19. Bg3 f6 20.
Nd3 Kf7 21. Bg2 a5 22. Rde1 Be7 23. f4 Nb4 24. Nf2 a4 25. a3 N4d5 26. Rhf1
g6 27. h6 Nc4 28. Bxd5 exd5 29. Nd3 Nd2+ 30. Kc1 Nxf1 31. Rxf1 Bd6 32. g5 f5
33. Be1 Rhe8 34. Bb4 Bc7 35. Ne5+ Bxe5 36. dxe5 b6 37. Bd6 c5 38. Rd1 Ke6
39. c3 Rac8 40. Kc2 Rc6 41. Re1 Kd7 42. Rd1 Rxd6 43. exd6 Kxd6 44. b3 axb3+
45. Kxb3 Re4 46. Rf1 Re3 47. Kb2 d4 48. cxd4 cxd4 49. a4 Re4 50. Kc2 Kc5 51.
Kd3 Re3+ 52. Kd2 Ra3 53. Rc1+ Kd6 54. Rc4 Kd5 55. Rc7 Ke4 56. Rxh7 Kxf4 57.
Rb7 Kxg5 58. h7 Rh3 59. Rxb6 Rxh7 60. a5 Rh3 61. a6 Ra3 62. Ke2 Kh5 63. Kd2
g5 64. Kc2 d3+ 65. Kd2 f4 66. Rf6 Kg4 67. Rd6 Kh4 68. Rh6+ Kg3 69. Rd6 f3
70. Rd5 g4 71. Rd6 Kf2 72. Rxd3 Rxa6 73. Kc1 g3 74. Rd2+ Ke3 75. Rb2 f2
{White resigns}
0-1

[Event "ICC tourney 3243 (30 10)"]
[Site "Internet Chess Club"]
[Date "2023.07.22"]
[Round "3"]
[White "Ledas, Armandas:ArmandasLedas"]
[Black "LOCHAM, DIVJOT SINGH:winner08"]
[Result "0-1"]
[ICCResult "White forfeits on time"]
[WhiteElo "1695"]
[BlackElo "1868"]
[Opening "Scotch: Mieses variation"]
[ECO "C45"]
[NIC "SO.04"]
[Time "16:00:04"]
[PlyCount "74"]
[TimeControl "1800+10"]

1. e4 e5 2. Nf3 Nc6 3. d4 exd4 4. Nxd4 Nf6 5. Nxc6 bxc6 6. e5 Qe7 7. Qe2 Nd5
8. h4 Qe6 9. g3 Bc5 10. Bh3 f5 11. c4 Nb6 12. Nd2 O-O 13. O-O Qg6 14. h5
Qxg3+ 15. Bg2 Qh4 16. Nb3 Be7 17. f4 Ba6 18. Qc2 Qxh5 19. Be3 Bxc4 20. Rf2
Bd5 21. Raf1 Qg6 22. Kh1 Qh5+ 23. Kg1 Qg4 24. Nd4 Nc4 25. Bc1 Bh4 26. Re2
Be7 27. Qc3 Bc5 28. Ref2 Bb6 29. b3 Nxe5 30. Be3 Ng6 31. Kh2 Qh4+ 32. Kg1
Qg3 33. Rf3 Bxf3 34. Rxf3 Qg4 35. a4 Nh4 36. Rf2 Rfe8 37. Bd2 Re4
{White forfeits on time}
0-1

[Event "ICC tourney 3243 (30 10)"]
[Site "Internet Chess Club"]
[Date "2023.07.22"]
[Round "3"]
[White "PLUM, MARC:Slivovitz"]
[Black "Aimdilokwong, Alec Daniel:Alec-hine"]
[Result "1/2-1/2"]
[ICCResult "Game drawn by mutual agreement"]
[WhiteElo "2100"]
[BlackElo "1980"]
[Opening "Réti: King's Indian attack (Barcza system)"]
[ECO "A07"]
[NIC "QP.09"]
[Time "16:00:22"]
[PlyCount "101"]
[TimeControl "1800+10"]

1. Nf3 d5 2. g3 e6 3. Bg2 b6 4. c4 Nf6 5. d4 Bb7 6. O-O Nbd7 7. cxd5 exd5 8.
Nc3 Be7 9. Bf4 c6 10. Rc1 O-O 11. Re1 Re8 12. a3 Nh5 13. Bd2 Nhf6 14. b4 Bd6
15. Qc2 a5 16. Rb1 axb4 17. axb4 h6 18. b5 c5 19. Red1 Qc7 20. Qb2 Ne4 21.
Be1 Ndf6 22. e3 c4 23. Ra1 Nxc3 24. Bxc3 Ne4 25. Nd2 f5 26. Nxe4 fxe4 27.
Bb4 Bxb4 28. Qxb4 Rf8 29. Rxa8 Rxa8 30. f3 exf3 31. Bxf3 Re8 32. Kf2 Qd7 33.
Re1 Qf5 34. Kg2 Rf8 35. Rf1 Bc8 36. Qxf8+ Kxf8 37. Bxd5 c3 38. Be4 Qxf1+ 39.
Kxf1 Bd7 40. Ke1 Bxb5 41. Kd1 Ba4+ 42. Bc2 Bc6 43. Bb3 Be4 44. Bc2 Bf3+ 45.
Kc1 b5 46. Bb3 Ke7 47. Kc2 b4 48. Kd3 Bg2 49. e4 Bf1+ 50. Kc2 Kd6 51. e5+
{Game drawn by mutual agreement}
1/2-1/2